Map: [ESL] Goldenaura

Players

GuMiho

  • Race: Terran Terran
  • Spawn Location: 12:00

Clem - Winner!

  • Race: Terran Terran
  • Spawn Location: 5:00

Event: ESL SC2 Masters 2023 Winter (Finals)

VOD

Have the link to the VOD?

Description

Time

  • Played on: Dec. 15, 2023, 11:32 a.m.
  • Length: 7:57

All games in this series

Show
View Real Time Build Order
Export as new Build Order

GuMiho Terran 

Build Orders: Cyclone Opening 

Get SALT Encoding   

  12  0:00  SCV  
  13  0:12  SCV  
  14  0:16  Supply Depot  
  14  0:24  SCV  
  15  0:38  SCV  
  15  0:40  Barracks  
  16  0:43  Refinery  
  16  0:50  SCV  
  16  0:52  Refinery  
  17  1:02  SCV  
  18  1:14  SCV  
  19  1:26  Orbital Command  
  19  1:27  Reaper  
  19  1:30  Supply Depot  
  20  1:40  Factory  
  20  1:52  SCV  
  21  1:59  Reaper  
  22  2:04  SCV  
  23  2:15  Command Center  
  23  2:18  SCV  
  24  2:25  Cyclone  
  26  2:30  SCV  
  26  2:31  Barracks Reactor  
  27  2:38  Supply Depot  
  27  2:43  SCV  
  28  2:50  Starport  
  28  2:55  SCV  
  28  2:58  Cyclone  
  31  3:07  Marine, SCV  
  31  3:08  Marine  
  34  3:17  Refinery  
  34  3:19  SCV  
  35  3:26  Marine x2  
  35  3:27  Medivac  
  39  3:31  Orbital Command  
  39  3:34  Factory Tech Lab  
  39  3:36  SCV  
  40  3:43  Marine  
  40  3:44  Marine  
  40  3:48  SCV  
  43  3:53  Siege Tank  
  46  3:58  Starport Tech Lab, SCV  
  46  4:00  SCV  
  48  4:03  Marine x2  
  50  4:10  SCV  
  50  4:12  SCV  
  52  4:17  Raven, Supply Depot  
  52  4:21  Marine  
  54  4:30  SCV  
  54  4:35  Supply Depot, Marine  
  54  4:38  SCV  
  54  4:44  Supply Depot  
  54  4:45  Siege Tank, Supply Depot, Marine, SCV  
  54  4:50  SCV  
  60  4:54  Raven  
  60  4:56  Marine  
  60  4:58  SCV  
  64  5:02  SCV  
  64  5:10  SCV  
  66  5:14  SCV  
  66  5:16  Interference Matrix  
  66  5:17  Siege Tank, Marine  
  70  5:25  SCV  
  70  5:26  SCV  
  67  5:36  Marine x2  
  67  5:41  SCV x2  
  60  5:50  Siege Tank  
  60  5:53  SCV  
  60  5:54  Marine x2  
  59  5:57  SCV  
  51  6:05  SCV  
  45  6:12  Marine x2  
  45  6:19  Liberator  
  45  6:22  Siege Tank  
  45  6:23  SCV  
  50  6:28  SCV  
  50  6:30  Marine  
  52  6:35  SCV  
  53  6:40  SCV  
  53  6:41  Marine  
  55  6:47  Marine, SCV  
  55  6:52  SCV  
  58  6:55  Siege Tank  
  58  6:59  SCV  
  57  7:04  SCV  
  57  7:11  SCV  
  57  7:14  Supply Depot  
  58  7:16  SCV  
  58  7:19  Supply Depot  
  59  7:23  SCV  
  59  7:24  Viking  
  59  7:25  Viking  
  59  7:28  SCV  
  59  7:38  SCV  
  59  7:40  SCV  
  52  7:50  Command Center  
Show
View Real Time Build Order
Export as new Build Order

Clem Terran - Winner!

Build Orders: Cyclone Opening 

Get SALT Encoding   

  12  0:00  SCV  
  13  0:12  SCV  
  14  0:17  Supply Depot  
  14  0:24  SCV  
  15  0:38  SCV  
  15  0:39  Barracks  
  16  0:43  Refinery  
  16  0:50  SCV  
  16  0:53  Refinery  
  17  1:02  SCV  
  18  1:15  SCV  
  19  1:26  Reaper  
  19  1:28  Orbital Command, Supply Depot  
  20  1:41  Factory  
  20  1:53  SCV  
  21  1:59  Reaper  
  22  2:05  SCV  
  23  2:15  Command Center  
  23  2:18  SCV  
  24  2:26  Cyclone  
  26  2:30  SCV  
  27  2:37  Starport  
  27  2:42  SCV  
  28  2:45  Barracks Reactor  
  28  2:49  Supply Depot  
  28  2:54  SCV  
  29  2:59  Cyclone  
  31  3:10  SCV  
  32  3:13  Medivac  
  32  3:19  Refinery  
  34  3:22  SCV  
  35  3:27  Orbital Command  
  35  3:34  SCV  
  35  3:36  Barracks Tech Lab  
  38  3:41  Cyclone  
  38  3:42  Cyclone  
  38  3:46  SCV  
  41  3:55  SCV  
  42  3:57  Raven  
  42  3:59  SCV  
  45  4:03  Supply Depot  
  45  4:07  SCV  
  46  4:11  SCV  
  46  4:13  Cyclone  
  46  4:14  Cyclone  
  51  4:19  SCV  
  51  4:23  SCV  
  53  4:24  Interference Matrix  
  53  4:25  Barracks Tech Lab  
  54  4:31  SCV  
  54  4:35  SCV  
  54  4:37  Raven  
  57  4:43  SCV  
  57  4:44  Command Center  
  57  4:45  Supply Depot  
  56  4:47  SCV  
  56  4:49  Cyclone  
  56  4:52  Cyclone  
  61  4:55  SCV  
  62  5:02  Barracks  
  62  5:06  SCV  
  63  5:08  Barracks, SCV  
  63  5:10  Marine  
  63  5:13  Raven  
  64  5:19  SCV  
  64  5:20  SCV  
  63  5:21  Cyclone  
  62  5:31  SCV  
  62  5:32  Marine  
  62  5:33  SCV  
  65  5:37  Cyclone  
  65  5:43  SCV  
  65  5:45  SCV  
  67  5:50  Marine  
  67  5:52  Barracks  
  67  5:54  Supply Depot  
  67  5:55  SCV  
  67  5:57  Engineering Bay  
  67  5:58  Refinery, Engineering Bay  
  67  6:01  Cyclone  
  67  6:03  Marine  
  67  6:04  SCV  
  69  6:07  SCV  
  69  6:11  Marine  
  70  6:16  SCV  
  68  6:19  SCV  
  68  6:21  Marine  
  68  6:22  Viking  
  70  6:28  Marine, SCV  
  70  6:31  SCV  
  71  6:38  Marine  
  72  6:40  Barracks Reactor, SCV  
  72  6:43  SCV  
  72  6:46  Marine  
  75  6:52  SCV  
  76  6:55  SCV  
  78  7:02  Starport Reactor  
  78  7:04  Barracks  
  78  7:05  Supply Depot  
  78  7:06  Barracks Reactor, SCV  
  78  7:11  Marine x3  
  78  7:12  Orbital Command, SCV, Supply Depot  
  82  7:17  Marine x2  
  82  7:18  SCV  
  85  7:24  SCV  
  85  7:29  Marine x2  
  88  7:30  SCV  
  88  7:31  Marine  
  88  7:35  Marine  
  88  7:36  Marine, SCV  
  93  7:43  SCV  
Tags
 
Add a new tag
Caveats
  • Supply blocks, unpowered buildings, or Contaminate may cause inaccurate times.
  • Supply counts are checked every 10 seconds.